 Dungeon Crawl Stone Soup version 0.31-a0-259-g771a54ca4b (webtiles) character file.

Game seed: 16053229335433533117

214 qw the Shooter (level 5, -1/32 HPs)
             Began as a Gargoyle Hexslinger on July 13, 2023.
             Killed from afar by Natasha (5 damage)
             ... with a magic dart
             ... on level 3 of the Dungeon.
             The game lasted 00:01:20 (2749 turns).

qw the Shooter (Gargoyle Hexslinger)                Turns: 2749, Time: 00:01:21

Health: -1/32      AC:  9    Str: 12    XL:     5   Next: 91%
Magic:  6/6        EV: 10    Int: 13    God:
Gold:   115        SH:  0    Dex: 14    Spells: 5/6 levels left

rFire   . . .        Y - +1 sling
rCold   . . .        (no shield)
rNeg    + . .        i - +0 ring mail
rPois   inf          (no helmet)
rElec   +            (no cloak)
rCorr   .            (no gloves)
SInv    .            (no boots)
Will    .....        (no amulet)
Stlth   +            (no ring)
HPRegen 0.25/turn    (no ring)
MPRegen 0.10/turn

%: no passive effects
@: slowed, very slow
A: sickness immunity, AC +4, negative energy resistance 1, electricity
resistance, torment resistance 1, petrification resistance
a: no special abilities


You were on level 3 of the Dungeon.
You visited 1 branch of the dungeon, and saw 4 of its levels.

You collected 219 gold pieces.
You spent 104 gold pieces at shops.


Innate Abilities, Weirdness & Mutations

You are immune to sickness and miasma.
Your stone body is resilient. (AC +4)
You are immune to poison.
You resist negative energy. (rN+)
You are resistant to electric shocks. (rElec)
You are resistant to unholy torment.
You are immune to petrification.


   Skills:
 - Level 3.0 Fighting
 + Level 5.1 Ranged Weapons
 - Level 1.0 Armour
 - Level 1.5 Dodging
 - Level 1.0 Spellcasting
 - Level 2.6 Hexes


You had 5 spell levels left.
You knew the following spells:

 Your Spells              Type           Power      Damage    Failure   Level
a - Slow                  Hex            28%        N/A       22%         1

Your spell library contained the following spells:

 Spells                   Type           Power      Damage    Failure   Level
 Inner Flame              Hex/Fire       4%         N/A       73%         3
 Portal Projectile        Hex/Tloc       8%         N/A       73%         3
 Cause Fear               Hex            3%         N/A       91%         4

Inventory:

Hand Weapons
 Y - a +1 sling (weapon)
Armour
 i - a +0 ring mail (worn)
Jewellery
 c - a ring of fire
 l - a ring of positive energy
Scrolls
 a - a scroll of identify
 g - a scroll of enchant armour
 m - a scroll of revelation {unknown}
Potions
 b - a potion of haste
 d - a potion of degeneration {unknown}
 f - a potion of enlightenment {unknown}
 h - 2 potions of mutation {unknown}
 k - a potion of might {unknown}

Dungeon Overview and Level Annotations

Branches:
Dungeon (4/15)
 Temple: D:4-7

Altars:
Dithmenos
Fedhas

Shops:
D:2 ?

Annotations:
D:3 Natasha


Message History

The hobgoblin hits you.
You shoot a sling bullet. The sling bullet barely misses Natasha.
The cerulean imp hits you but does no damage.
Natasha claws you. The hobgoblin barely misses you.
The cerulean imp hits you but does no damage.
Natasha claws you. The hobgoblin barely misses you.
You shoot a sling bullet. The sling bullet barely misses Natasha.
The cerulean imp hits you but does no damage.
Natasha casts a spell.
The hobgoblin hits you but does no damage.
The cerulean imp hits you from afar with a +2 spear.
Natasha claws you. The hobgoblin barely misses you.
The cerulean imp closely misses you. Natasha claws you but does no damage.
You shoot a sling bullet. The sling bullet hits Natasha.
Natasha is heavily wounded.
The hobgoblin barely misses you.
Natasha howls an incantation.
Natasha's front paws start to glow.
Natasha claws you but does no damage. The cerulean imp barely misses you.
The hobgoblin barely misses you.
The cerulean imp hits you but does no damage.
The cerulean imp barely misses you.
Natasha mumbles some strange words.
You shoot a sling bullet.
The sling bullet closely misses Natasha.
The sling bullet closely misses the cerulean imp.
The hobgoblin hits you but does no damage.
The cerulean imp barely misses you. Natasha claws you but does no damage.
The cerulean imp hits you but does no damage.
The hobgoblin hits you.
The cerulean imp hits you from afar with a +2 spear.
You shoot a sling bullet.
The sling bullet completely misses Natasha.
The sling bullet completely misses the cerulean imp.
The cerulean imp closely misses you. Natasha claws you but does no damage.
The hobgoblin closely misses you.
The cerulean imp hits you from afar with a +2 spear.
Natasha stares at you and mumbles some strange words.
The magic dart hits you.
You die...

###.#...........................#
#.#.#.###########################
..#.#.# .##.#.# ..#.#.# #.#)#.#
###.#.# # .
.##.#.############.#....
..#.#........55h@g..$.#
#'#.#####.....5###......
#.#............# ##.##
..#######......# .## #......# ..#
######%###### #.# #...........#
#)# #............. ####
#...........##


You could see Natasha, 3 cerulean imps and a hobgoblin.

Vanquished Creatures
  Natasha (D:3)
  A gnoll (D:3)
  8 adders
  A worm (D:2)
  5 dart slugs
  2 orcs (D:3)
  10 ball pythons
  8 bats
  6 endoplasms
  5 giant cockroaches
  10 goblins
  11 hobgoblins
  4 kobolds
  5 quokkas
  4 frilled lizards
  8 rats
89 creatures vanquished.

Notes
Turn   | Place    | Note
-------+----------+-------------------------------------------
     0 | D:1      | qw the Gargoyle Hexslinger began the quest for the Orb.
     0 | D:1      | Reached XP level 1. HP: 12/12 MP: 2/2
     0 | D:1      | 0 ||| qw: Version: 0.3-a-52-g30416fa
     0 | D:1      | 0 ||| qw: Game counter: 6952
     0 | D:1      | 0 ||| qw: Melee chars always use a shield: true
     0 | D:1      | 0 ||| qw: God list: Okawaru
     0 | D:1      | 0 ||| qw: Allow faded altars: false
     0 | D:1      | 0 ||| qw: Do Orc after clearing Dungeon:15 true
     0 | D:1      | 0 ||| qw: Do second Lair branch before Depths: true
     0 | D:1      | 0 ||| qw: Lair rune preference: random
     0 | D:1      | 0 ||| qw: Goals: Normal
     0 | D:1      | 0 ||| PLANNING D:1-11
    75 | D:1      | Reached XP level 2. HP: 16/16 MP: 3/3
   168 | D:1      | Reached skill level 3 in Ranged Weapons
   368 | D:1      | Reached XP level 3. HP: 21/21 MP: 4/4
   805 | D:1      | 805 ||| READING 3 scrolls labelled WOK XOHECA.
   806 | D:1      | 806 ||| READING scroll labelled TOWNAME GOAK.
   810 | D:1      | 810 ||| READING scroll labelled YBRUDA DUHO.
   811 | D:1      | 811 ||| READING 2 scrolls of identify.
   811 | D:1      | 811 ||| IDENTIFYING golden potion
   812 | D:1      | 812 ||| DROPPING scroll of poison.
   813 | D:1      | 813 ||| DROPPING potion of brilliance.
   956 | D:2      | You fall into a shaft and drop 2 floors!
   967 | D:3      | 967 ||| FLEEEEING.
   969 | D:3      | 969 ||| FLEEEEING.
   971 | D:3      | 971 ||| STAIRDANCE
  1174 | D:2      | 1174 ||| FLEEEEING.
  1175 | D:2      | 1175 ||| FLEEEEING.
  1178 | D:2      | 1178 ||| FLEEEEING.
  1182 | D:2      | 1182 ||| STAIRDANCE
  1199 | D:2      | Reached XP level 4. HP: 26/26 MP: 5/5
  1223 | D:2      | Found a blossoming altar of Fedhas.
  1239 | D:2      | Reached skill level 4 in Ranged Weapons
  1315 | D:2      | Found Zilen's Magic Scroll Shop.
  1326 | D:2      | 1326 ||| BUYING scroll of enchant armour (82 gold).
  1326 | D:2      | Bought a scroll of enchant armour for 82 gold pieces
  1326 | D:2      | 1326 ||| SHOPLISTING scroll of enchant weapon (82 gold,
                  | have 29).
  1326 | D:2      | 1326 ||| BUYING scroll of identify (22 gold).
  1326 | D:2      | Bought a scroll of identify for 22 gold pieces
  1326 | D:2      | 1326 ||| SHOPLISTING scroll of teleportation (33 gold, have
                  | 7).
  1661 | D:2      | 1661 ||| READING scroll labelled NUV USEODU.
  1662 | D:2      | 1662 ||| READING 2 scrolls of identify.
  1662 | D:2      | 1662 ||| IDENTIFYING emerald potion
  1729 | D:3      | Reached XP level 5. HP: 30/30 MP: 6/6
  1848 | D:3      | Reached skill level 5 in Ranged Weapons
  2023 | D:3      | Noticed Natasha
  2027 | D:3      | Killed Natasha
  2149 | D:3      | Reached skill level 3 in Fighting
  2152 | D:3      | Found a shadowy altar of Dithmenos.
  2153 | D:3      | 2153 ||| UPGRADING to +0 ring mail.
  2160 | D:3      | 2160 ||| UPGRADING to +0 robe.
  2165 | D:3      | 2165 ||| UPGRADING to +0 ring mail.
  2175 | D:3      | 2175 ||| DROPPING +0 robe.
  2374 | D:3      | Reached skill level 1 in Armour
  2616 | D:3      | Noticed Natasha
  2630 | D:3      | HP: 8/32 [Natasha (2)]
  2631 | D:3      | 2631 ||| READING scroll of teleportation.
  2632 | D:3      | 2632 ||| DRINKING potion of heal wounds.
  2748 | D:3      | HP: 8/32 [hobgoblin (2)]
  2749 | D:3      | Killed from afar by Natasha

Levels and vault maps discovered:
D:1:      dpeg_cavernosity, layout_basic
D:2:      minmay_diamond_boxcup, layout_basic, serial_shops,
          nicolae_shop_tiny_real_fake_doors, basic_altar, minmay_misc_feat_chi,
          kennysheep_another_room
D:3:      minmay_razor_zed, layout_basic,
          nicolae_dithmenos_through_a_glass_darkly, uniq_natasha
D:4:      layout_cave_pools, uniq_crazy_yiuf_cottage

Skill      XL: |  1  2  3  4  5 |
---------------+----------------+-----
Ranged Weapons | 3 4 5 |  5.1
Fighting       | 2 3 |  3.0
Armour         | 1 |  1.0
Dodging        | |  1.5
Spellcasting   | |  1.0
Hexes          | |  2.6

Action                     |  1- 3 |  4- 6 || total
---------------------------+-------+-------++-------
   Fire: Sling             |   138 |   201 ||   339
    Use: Scroll            |     4 |     3 ||     7
         Potion            |       |     1 ||     1
 Armour: Robe              |    25 |    19 ||    44
         Ring mail         |       |    51 ||    51
         Skin              |       |     1 ||     1
  Dodge: Dodged            |    55 |   112 ||   167

Table legend:
 A = Non-vault XP
 B = Vault XP
 C = Vault XP percentage of total XP
 D = Non-vault monster count
 E = Vault monster count
 F = Vault count percentage of total count
                 A         B        C        D         E       F
            +---------+---------+-------+---------+---------+-------
      Total |     192 |     114 |  37.3 |      64 |      25 |  28.1
            +---------+---------+-------+---------+---------+-------
        D:1 |      45 |       7 |  13.5 |      25 |       4 |  13.8
        D:2 |      71 |      34 |  32.4 |      17 |       7 |  29.2
        D:3 |      76 |      73 |  49.0 |      22 |      14 |  38.9
            +---------+---------+-------+---------+---------+-------
